 Dungeon Crawl Stone Soup version 0.14-a0-519-g334afa2 (webtiles) character file.

1978 PolkaDot the Cloud Mage (level 8, -1/50 HPs)
             Began as a Vampire Wizard on Nov 1, 2013.
             Was a Priest of Sif Muna.
             Slain by an orc wizard
             ... wielding a -1,+0 orcish war axe
              (4 damage)
             ... on Level 6 of the Dungeon.
             The game lasted 00:41:36 (5917 turns).

PolkaDot the Cloud Mage (Vampire Wizard)            Turns: 5917, Time: 00:41:37

HP  -1/50        AC  4     Str  7      XL: 8   Next: 68%
MP  18/18        EV 12     Int 26      God: Sif Muna [***...]
Gold 323         SH  0     Dex 12      Spells:  5 memorised,  2 levels left

Res.Fire  : . . .   See Invis. : +   s - +1,+2 dagger (distort)
Res.Cold  : + . .   Warding    : .   l - +0 elf robe
Life Prot.: + + .   Conserve   : .   (no shield)
Res.Poison: +       Res.Corr.  : .   b - +0 wizard hat
Res.Elec. : .       Clarity    : .   d - +1 cloak
Sust.Abil.: . .     Spirit.Shd : .   (no gloves)
Res.Mut.  : .       Stasis     : .   (no boots)
Res.Rott. : +       Flight     : .   v - amulet of faith
Saprovore : . . .                    q - +5 ring of intelligence
                                     m - cursed ring of wizardry

@: regenerating slowly, somewhat resistant to hostile enchantments, stealthy
A: bottle blood, fangs 3, see invisible, unbreathing
a: Bat Form, Bottle Blood, Channel Energy, Forget Spell, Renounce Religion


You were on level 6 of the Dungeon.
You worshipped Sif Muna.
Sif Muna was most pleased with you.
You were thirsty.

You visited 2 branches of the dungeon, and saw 7 of its levels.

You collected 323 gold pieces.

Inventory:

Hand weapons
 s - a +1,+2 dagger of distortion (weapon)
 x - a +2,+1 orcish falchion of freezing
Armour
 b - a +0 wizard hat (worn)
 d - a +1 cloak (worn)
 l - a +0 elven robe (worn)
Magical devices
 r - a wand of flame (7)
 A - a wand of flame (17)
Scrolls
 e - 3 scrolls of remove curse {unknown}
 f - a scroll of identify
 g - 2 scrolls of curse armour {unknown}
 h - 2 scrolls of teleportation {unknown}
 i - 2 scrolls of random uselessness {unknown}
 j - 2 scrolls of fog {unknown}
 n - 2 scrolls of enchant weapon II {unknown}
 o - 2 scrolls of enchant armour {unknown}
 t - 2 scrolls of curse weapon {unknown}
 u - a scroll of magic mapping {unknown}
 w - a scroll of recharging {unknown}
 z - a scroll of immolation {unknown}
Jewellery
 m - a cursed ring of wizardry (left hand)
 p - a +1 ring of strength
 q - a +5 ring of intelligence (right hand)
 v - an amulet of faith (around neck)
 y - an uncursed ring of protection from fire
 B - an uncursed amulet of guardian spirit
Potions
 a - a potion of flight
 k - 2 potions of agility
 C - a potion of brilliance
 D - a potion of mutation {unknown}
Books
 c - a book of Minor Magic

   Spells                             Type                      Level
   *Magic Dart                        Conjuration                  1
   *Blink                             Translocation                2
   Call Imp                           Summoning                    2
   *Repel Missiles                    Charms/Air                   2
   Slow                               Hexes                        2
   *Conjure Flame                     Conjuration/Fire             3
   *Mephitic Cloud                    Conjuration/Poison/Air       3


   Skills:
 - Level 2.1 Dodging
 - Level 3.0 Stealth
 - Level 3.0 Spellcasting
 + Level 5.1 Conjurations
 - Level 1.3 Charms
   Level 1.0 Summonings
 - Level 0.7 Translocations
 * Level 8.5 Air Magic


You had 2 spell levels left.
You knew the following spells:

 Your Spells              Type           Power        Failure   Level  Hunger
a - Magic Dart            Conj           ####         1%          1    None
d - Mephitic Cloud        Conj/Pois/Air  ####....     2%          3    ###....
q - Blink                 Tloc           N/A          5%          2    #......
s - Conjure Flame         Conj/Fire      ###.....     4%          3    ###....
w - Repel Missiles        Chrm/Air       ####......   1%          2    #......


Dungeon Overview and Level Annotations

Branches:
Dungeon (6/27)             Temple (1/1) D:4
    Orc: D:6-11

Altars:
Ashenzari
Cheibriados
Elyvilon
Fedhas
Kikubaaqudgha
Makhleb
Nemelex Xobeh
Okawaru
Sif Muna
Trog
Vehumet
Yredelemnul
Zin
the Shining One


Innate Abilities, Weirdness & Mutations

You heal slowly.
You can bottle blood from corpses.
You have razor-sharp teeth.*
You have supernaturally acute eyesight.
You can survive without breathing.*


Message History

The magic dart hits the orc wizard.
The orc wizard is severely wounded.
Use which ability? (? or * to list)
You channel some magical energy.
You feel slightly more thirsty.
The orc wizard hits you with an orcish war axe.
* * * LOW HITPOINT WARNING * * *
Use which ability? (? or * to list)
You channel some magical energy.
You feel slightly more thirsty.
Use which ability? (? or * to list)
You channel some magical energy.
You feel slightly more thirsty. The orc wizard misses you.
Casting: Magic Dart
Confirm with . or Enter, or press ? or * to list all spells.
Aiming: Magic Dart
Press: ? - help, Shift-Dir - straight line, f/p - orc wizard
Aim: an orc wizard, wielding an orcish war axe and wearing an orcish robe (heavily wounded, bewildered and confused)
The magic dart hits the orc wizard.
The orc wizard is severely wounded.
The orc wizard hits you with an orcish war axe.
You die...

#.....##.##'##.#
#####.##.......#
#.#######.## ...#
#.# ##+##.# #.#
#$..#.# #.#
+.>)+.######.# .##
#o))#.#......#
......##@##...######
#........###
#.####.### #......#
########


You could see an orc wizard (confused).

Vanquished Creatures
  Menkaure (D:6)
  An orc warrior (D:6)
  A phantom (D:5)
  2 ogres (D:5)
  Duvessa (D:4)
  2 centaurs
  2 giant frogs (D:6)
  A goliath beetle (D:6)
  Dowan (D:4)
  A crimson imp (D:5)
  A gnoll shaman (D:5)
  An orc wizard (D:6)
  Crazy Yiuf (D:4)
  3 orc priests (D:6)
  2 hounds
  2 scorpions (D:5)
  An iguana (D:6)
  Terence (D:2)
  8 gnolls
  A worm zombie (D:6)
  10 adders
  2 giant mites
  An inept feature mimic (D:4)
  2 worms
  4 giant geckos
  3 oozes
  14 orcs
  A bat skeleton (D:4)
  8 giant cockroaches
  18 goblins
  10 hobgoblins
  4 training dummies (D:4)
  A ball python (D:3)
  17 bats
  16 giant newts
  8 kobolds
  14 rats
167 creatures vanquished.

Vanquished Creatures (others)
  An ice beast (D:5)
  A bat (D:3)
  A kobold (D:4)
3 creatures vanquished.

Grand Total: 170 creatures vanquished

Notes
Turn   | Place    | Note
--------------------------------------------------------------
     0 | D:1      | PolkaDot, the Vampire Wizard, began the quest for the Orb.
     0 | D:1      | Reached XP level 1. HP: 11/11 MP: 6/6
    50 | D:1      | Reached skill level 1 in Conjurations
   176 | D:1      | Reached XP level 2. HP: 17/17 MP: 0/8
   555 | D:1      | Found a shattered altar of Ashenzari.
   835 | D:1      | Reached XP level 3. HP: 22/22 MP: 10/10
   840 | D:1      | Learned a level 3 spell: Conjure Flame
   844 | D:1      | Learned a level 3 spell: Mephitic Cloud
   967 | D:2      | Noticed Terence
   978 | D:2      | Killed Terence
  1330 | D:2      | Reached XP level 4. HP: 22/28 MP: 12/12
  2326 | D:3      | Reached XP level 5. HP: 33/33 MP: 9/13
  2727 | D:4      | Reached skill level 4 in Conjurations
  2796 | D:4      | Noticed Dowan
  2797 | D:4      | Noticed Duvessa
  2828 | D:4      | Killed Dowan
  3157 | D:4      | Found an iron altar of Okawaru.
  3245 | D:4      | Killed Duvessa
  3245 | D:4      | Reached XP level 6. HP: 26/39 MP: 3/15
  3747 | D:4      | Found a staircase to the Ecumenical Temple.
  3753 | Temple   | Entered the Ecumenical Temple
  3998 | Temple   | Became a worshipper of Sif Muna the Loreminder
  4025 | D:4      | Learned a level 2 spell: Repel Missiles
  4028 | D:4      | Learned a level 2 spell: Blink
  4134 | D:4      | Noticed Crazy Yiuf
  4149 | D:4      | Killed Crazy Yiuf
  4240 | D:5      | Entered Level 5 of the Dungeon
  4352 | D:5      | Reached XP level 7. HP: 44/44 MP: 2/17
  4482 | D:5      | Acquired Sif Muna's first power
  4482 | D:5      | Reached skill level 5 in Air Magic
  4873 | D:5      | Reached skill level 6 in Air Magic
  5148 | D:5      | Acquired Sif Muna's second power
  5148 | D:5      | Reached skill level 1 in Charms
  5248 | D:5      | Reached XP level 8. HP: 50/50 MP: 12/18
  5323 | D:6      | Reached skill level 7 in Air Magic
  5451 | D:6      | Noticed Menkaure
  5477 | D:6      | Killed Menkaure
  5597 | D:6      | Reached skill level 8 in Air Magic
  5746 | D:6      | Reached skill level 5 in Conjurations
  5917 | D:6      | Slain by an orc wizard

Action                   |  1- 3 |  4- 6 |  7- 9 || total
-------------------------+-------+-------+-------++-------
Melee: Dagger            |   133 |   102 |    10 ||   245
 Cast: Magic Dart        |    39 |   116 |   165 ||   320
       Mephitic Cloud    |     1 |     7 |    14 ||    22
       Conjure Flame     |       |     8 |    29 ||    37
       Repel Missiles    |       |       |     1 ||     1
Invok: Channel Energy    |       |       |   112 ||   112
  Use: Potion            |     2 |     4 |       ||     6
       Scroll            |       |       |     5 ||     5
 Stab: Sleeping          |     3 |     4 |       ||     7
       Confused          |     1 |     3 |       ||     4
